 Dungeon Sprint DCSS version 0.31-a0-121-g1e386dd289 (webtiles) character file.

Game seed: 14761405659079051890

522 dialectric the Unseen (level 7, -1/37 HPs)
             Began as a Spriggan Brigand on June 1, 2023.
             Slain by a necrophage (6 damage)
             ... in the Dungeon (Sprint II: "The Violet Keep of Menkaure").
             The game lasted 00:00:49 (124 turns).

dialectric the Unseen (Spriggan Brigand)             Turns: 124, Time: 00:00:49

Health: -1/37      AC:  3    Str:  7    XL:     7   Next: 2%
Magic:  8/8        EV: 18    Int: 13    God:
Gold:   486        SH:  0    Dex: 18    Spells: 6/6 levels left

rFire   . . .        a - +2 dagger
rCold   . . .        (no shield)
rNeg    . . .        b - +0 robe
rPois   .            (helmet restricted)
rElec   .            c - +0 cloak
rCorr   .            (gloves unavailable)
SInv    +            (boots unavailable)
Will    +....        (no amulet)
Stlth   ++++++++     (no ring)
HPRegen 0.26/turn    (no ring)
MPRegen 0.11/turn

%: no teleportation
@: very quick
A: very small, no large weapons, unfitting armour, see invisible, speed 3
a: no special abilities


You were in the Dungeon.
You visited 1 branch You collected 486 gold pieces.

Inventory:

Hand Weapons
 a - a +2 dagger (weapon)
Missiles
 d - 9 poisoned darts
 e - a curare-tipped dart (quivered)
Armour
 b - a +0 robe (worn)
 c - a +0 cloak (worn)
Scrolls
 k - a scroll of blinking
Potions
 f - a potion of curing
 h - a potion of haste
 i - 2 potions of magic


   Skills:
 + Level 3.9 Fighting
 + Level 5.8 Short Blades
 - Level 3.2 Throwing
 + Level 3.1 Dodging
 + Level 20.0 Stealth


You had 6 spell levels left.
You didn't know any spells.
Your spell library was empty.

Dungeon Overview and Level Annotations

Branches:
Dungeon (1/1)

Altars:

Shops:
D ?![(?=*


Innate Abilities, Weirdness & Mutations

You are very small and have problems with some larger weapons.
You are too small for most types of armour.
You have supernaturally acute eyesight. (SInv)
You cover ground extremely quickly. (Speed+++)


Message History

The necrophage hits you but does no damage.
You hit the necrophage.
The necrophage is almost destroyed.
The necrophage hits you.
You feel drained.
* * * LOW HITPOINT WARNING * * *
You closely miss the necrophage.
The necrophage is almost destroyed.
You barely miss the necrophage.
The necrophage is almost destroyed.
The necrophage closely misses you.
You hit the necrophage but do no damage.
The necrophage is almost destroyed.
The necrophage closely misses you.
You hit the necrophage.
You destroy the necrophage!
Your life force feels restored.
Your Dodging skill increases to level 3!
Your Stealth skill increases to level 20!
You have reached level 7!
You hit the necrophage.
The necrophage is lightly damaged.
You hit the necrophage but do no damage.
The necrophage is lightly damaged.
The necrophage hits you but does no damage.
You hit the necrophage.
The necrophage is moderately damaged.
The necrophage barely misses you.
You hit the necrophage but do no damage.
The necrophage is lightly damaged.
The necrophage completely misses you.
You closely miss the necrophage.
The necrophage is lightly damaged.
You hit the necrophage.
The necrophage is moderately damaged.
The necrophage hits you.
* * * LOW HITPOINT WARNING * * *
You hit the necrophage but do no damage.
The necrophage is moderately damaged.
The necrophage hits you.
You die...

##~~#+++#+++##
######~~~.........#
.....#~~~~.##'##..#
.∩...#~~~~###†###
∩.∩..#~~~ #..#††#
.∩.⌠.#~~####.#.##
∩.∩..#~##†###'##
.∩...#~#.†.##.##
+~'##.n@<.+
.....#~#...##.##
▓▓▓###~##.###+#
######~ ### ##


You could see a necrophage.

Vanquished Creatures
  A water moccasin (D)
  3 necrophages (D)
  4 scorpions (D)
8 creatures vanquished.

Vanquished Creatures (others)
  Menkaure (D)
1 creature vanquished.

Grand Total: 9 creatures vanquished

Notes
Turn   | Place    | Note
-------+----------+-------------------------------------------
     0 | D        | dialectric the Spriggan Brigand began the quest for the
                  | Orb.
     0 | D        | Reached XP level 1. HP: 10/10 MP: 2/2
     1 | D        | Noticed a scorpion
     1 | D        | Noticed a scorpion
     1 | D        | Noticed a scorpion
     1 | D        | Noticed a scorpion
     4 | D        | Killed a scorpion
     5 | D        | Reached skill level 11 in Stealth
     5 | D        | Reached XP level 2. HP: 16/16 MP: 3/3
     5 | D        | Reached XP level 3. HP: 19/19 MP: 4/4
     5 | D        | Killed a scorpion
     6 | D        | Reached skill level 13 in Stealth
     6 | D        | Reached XP level 4. HP: 23/23 MP: 5/5
     8 | D        | Killed a scorpion
     9 | D        | Reached skill level 15 in Stealth
     9 | D        | Reached XP level 5. HP: 28/28 MP: 6/6
    11 | D        | Reached skill level 16 in Stealth
    14 | D        | Noticed a water moccasin
    29 | D        | Killed a water moccasin
    30 | D        | Reached skill level 5 in Short Blades
    30 | D        | Reached skill level 18 in Stealth
    30 | D        | Reached XP level 6. HP: 18/32 MP: 7/7
    37 | D        | Killed Menkaure
    75 | D        | Reached skill level 19 in Stealth
    82 | D        | Found Equtt's Magic Scroll Emporium.
    82 | D        | Found Menuli's General Store.
    82 | D        | Found Ukapexoss's Distillery.
    82 | D        | Found Lifocubour's Antique Weapon Shoppe.
    82 | D        | Found Plog's Jewellery Shoppe.
    82 | D        | Found Laddiak Qado's Magic Scroll Emporium.
    82 | D        | Found Dail's Antique Armour Emporium.
   118 | D        | Reached skill level 20 in Stealth
   118 | D        | Reached XP level 7. HP: 8/37 MP: 8/8
   124 | D        | Slain by a necrophage

Illustrated notes

Levels and vault maps discovered:
D:        the_violet_keep_of_menkaure [sprint2_stairs_cluster_1,
          sprint2_shoproom, sprint2_temple, sprint2_basic_supplies,
          sprint2_obstacle_2, sprint2_obstacle_7, sprint2_obstacle_5,
          sprint2_obstacle_1, sprint2_obstacle_4, sprint2_timed_cluster_1,
          sprint2_smallroom_cluster_1, sprint2_smallroom_final_cluster_1,
          sprint2_transparent_cluster_1, sprint2_second_timed_cluster_1,
          sprint2_sniper_area_1, sprint2_heavy_combat_area_1,
          sprint2_mutation_trap_area_1, sprint2_forest_area_1,
          sprint2_light_combat_area_1, sprint2_behind_water_1,
          sprint2_near_end_vault_1]

Skill      XL: |  1  2  3  4  5  6 |
---------------+-------------------+-----
Fighting       | 2 3 |  3.9
Short Blades   | 3 4 5 |  5.8
Stealth        | 11 13 15 18 20 | 20.0
Throwing       | 3 |  3.2
Dodging        | 2 3 |  3.1

Action                     |  1- 3 |  4- 6 |  7- 9 || total
---------------------------+-------+-------+-------++-------
  Melee: Dagger            |     2 |    39 |     7 ||    48
  Throw: Dart              |       |     3 |       ||     3
    Use: Potion            |       |     2 |       ||     2
   Stab: Sleeping          |     2 |     4 |       ||     6
 Armour: Robe              |       |     4 |     1 ||     5
  Dodge: Dodged            |       |    21 |     2 ||    23

Table legend: (Time is in decaauts)
 A = Elapsed time spent in this place.
 B = Non-inter-level travel time spent in this place.
 C = Inter-level travel time spent in this place.
 D = Time resting spent in this place.
 E = Time spent auto-exploring this place.
 F = Levels seen in this place.
 G = Mean time per level.
                   A        B        C        D        E       F      G
               +--------+--------+--------+--------+--------+-----+--------+
         Total |    111 |    111 |      0 |     42 |      0 |   1 |  111.0 |
       Dungeon |    111 |    111 |      0 |     42 |      0 |   1 |  111.0 |
               +--------+--------+--------+--------+--------+-----+--------+

Top non-repeatable levels by time:
       D: 111 daAuts
